 Dungeon Crawl Stone Soup version 0.31-a0-182-gc5ef74bbde (webtiles) character file.

Game seed: 11156595338632279060

273837 qw the Crack Shot (level 20, -5/204 HPs)
             Began as a Naga Hunter on June 20, 2023.
             Was an Elder of Okawaru.
             Slain by the 27-headed Lernaean hydra (8 damage)
             ... on level 4 of the Swamp.
             The game lasted 00:18:57 (38756 turns).

qw the Crack Shot (Naga Hunter)                    Turns: 38756, Time: 00:18:57

Health: -5/204     AC: 34    Str: 13    XL:     20   Next: 70%
Magic:  27/27      EV: 31    Int: 17    God:    Okawaru [****..]
Gold:   2907       SH:  0    Dex: 35    Spells: 19/19 levels left

rFire   + + .        q - +6 triple crossbow "Cuklaej" {heavy, rPois rF+ rC- Int+6}
rCold   . . .        (shield currently unavailable)
rNeg    . . .        o - +3 leather armour {rC+}
rPois   +            b - +2 helmet
rElec   .            k - +2 cloak
rCorr   .            f - +2 pair of gloves
SInv    +            z - +4 barding {rF+}
Will    ++...        t - amulet of faith
Stlth   ++++         j - +6 ring of dexterity
HPRegen 0.54/turn    A - +6 ring of dexterity
MPRegen 0.20/turn

%: faith
@: about to teleport, heroic, very slow
A: AC +6, large, see invisible, deformed body, poison resistance, slowness 2,
spit poison 1, naga tail 2
}: 1/15 runes: serpentine
a: Spit Poison, Renounce Religion, Heroism, Finesse


You were on level 4 of the Swamp.
You worshipped Okawaru.
Okawaru was greatly pleased with you.
You visited 7 branches of the dungeon, and saw 35 of its levels.

You collected 5636 gold pieces.
You spent 2729 gold pieces at shops.


Innate Abilities, Weirdness & Mutations

Your serpentine skin is tough. (AC +6)
You have supernaturally acute eyesight. (SInv)
Armour fits poorly on your strangely shaped body.
Your system is resistant to poisons. (rPois)
You cover ground very slowly.
You can spit poison.
You can use your snake-like lower body to constrict enemies.


   Skills:
 - Level 18.0(23.0) Fighting
 - Level 22.0(27) Ranged Weapons
 + Level 9.3(14.3) Armour
 - Level 15.0(20.0) Dodging
 - Level 1.5(6.5) Stealth
 - Level 10.0 Invocations


You had 19 spell levels left.
You didn't know any spells.
Your spell library was empty.

Inventory:

Hand Weapons
 q - the +6 triple crossbow "Cuklaej" (weapon) {heavy, rPois rF+ rC- Int+6}
   (Okawaru gifted it to you on level 2 of the Vaults)

   Int:       It affects your intelligence (+6).
   rF:        It protects you from fire.
   rC:        It makes you vulnerable to cold.
   rPois:     It protects you from poison.
Armour
 b - a +2 helmet (worn)
 f - a +2 pair of gloves (worn)
 k - a +2 cloak (worn)
 n - the +3 hat of Pondering {ponderous, Will+ MP+10 Int+5}
   (You took it off Gastronok on level 8 of the Dungeon)

   Int:       It affects your intelligence (+5).
   MP:        It affects your magic capacity (+10).
   Will:      It increases your willpower.
 o - a +3 leather armour of cold resistance (worn)
 p - a +2 ring mail of fire resistance
 x - a +0 troll leather armour
 z - a +4 barding of fire resistance (worn)
Jewellery
 j - a +6 ring of dexterity (left hand)
 t - an amulet of faith (around neck)
 y - an amulet of reflection
 A - a +6 ring of dexterity (right hand)
Wands
 m - a wand of digging (37)
Scrolls
 d - 15 scrolls of identify
 i - 20 scrolls of teleportation
Potions
 a - 4 potions of heal wounds
 e - 4 potions of might
 g - 3 potions of cancellation
 h - 5 potions of enlightenment
 l - 17 potions of curing
 r - 4 potions of haste
 v - 4 potions of magic
 w - 3 potions of mutation

Dungeon Overview and Level Annotations

Branches:
Dungeon (15/15)            Temple (1/1) D:6            Lair (5/5) D:11
  Swamp (4/4) Lair:2        Snake (4/4) Lair:3        Slime (0/5) Lair:4
    Orc (2/2) D:10            Elf (0/3) Orc:2        Vaults (4/5) D:14
  Crypt (0/3) Vaults:3     Depths (0/4) D:15

Altars:
Ashenzari
Cheibriados
Dithmenos
Elyvilon
Fedhas
Gozag
Hepliaklqana
Kikubaaqudgha
Makhleb
Nemelex Xobeh
Okawaru
Qazlal
Ru
Sif Muna
Trog
Uskayaw
Vehumet
Wu Jian
Xom
Yredelemnul
Zin
The Shining One
Jiyva

Shops:
D:9 :   D:15 *??   Orc:1 (   Orc:2 **:[:   Snake:4 [   Vaults:4 (

Portals:
Pandemonium: Orc:2

Annotations:
D:3 1 runed translucent door, Crazy Yiuf
D:8 3 runed translucent doors, qw's ghost, novice NaHu
D:10 1 runed translucent door, qw's ghost, journeyman NaHu
D:11 2 runed translucent doors, DadFather's ghost, journeyman CeHu
Swamp:4 Lernaean hydra
Orc:1 1 runed translucent door, blexxed's ghost, journeyman DsFi


Message History

The 27-headed Lernaean hydra bites you but does no damage. x2
The 27-headed Lernaean hydra bites you!
The 27-headed Lernaean hydra bites you but does no damage.
The 27-headed Lernaean hydra completely misses you.
The 27-headed Lernaean hydra misses you.
The 27-headed Lernaean hydra bites you.
The 27-headed Lernaean hydra misses you.
The 27-headed Lernaean hydra bites you but does no damage. x3
The 27-headed Lernaean hydra misses you.
The 27-headed Lernaean hydra completely misses you.
The eight-headed hydra completely misses you.
The eight-headed hydra bites you but does no damage.
The eight-headed hydra completely misses you.
The eight-headed hydra bites you but does no damage.
The eight-headed hydra closely misses you.
The eight-headed hydra bites you.
The eight-headed hydra completely misses you.
The eight-headed hydra bites you!
38756 ||| READING 21 scrolls of teleportation.
As you read the scroll of teleportation, it crumbles to dust.
You feel strangely unstable. The swamp dragon barely misses you.
The swamp dragon closely misses you. The swamp dragon misses you.
The 27-headed Lernaean hydra bites you but does no damage.
The 27-headed Lernaean hydra misses you.
The 27-headed Lernaean hydra bites you but does no damage.
The 27-headed Lernaean hydra barely misses you.
The 27-headed Lernaean hydra bites you. x2
The 27-headed Lernaean hydra bites you but does no damage.
The 27-headed Lernaean hydra barely misses you.
The 27-headed Lernaean hydra closely misses you.
The 27-headed Lernaean hydra misses you.
The 27-headed Lernaean hydra bites you.
The 27-headed Lernaean hydra bites you but does no damage.
The 27-headed Lernaean hydra closely misses you.
The 27-headed Lernaean hydra bites you but does no damage.
The 27-headed Lernaean hydra closely misses you.
The 27-headed Lernaean hydra bites you but does no damage.
The 27-headed Lernaean hydra bites you!
You die...

..~~7....%..#..~~..~.7
7~~ 77~..~.....~¤.~..7
. 777..~~~.7.....<[..
7...~7777..#.(77[~7
7.#....7 7.[.~.~~.7~
7. #...#.77~..~~~.~77
7 ##..#~7777~~~~~...
##.## . 77~~~.7..
#@DD# 7 77~~<777.
#DD¤# 77...~..7~
#nDt$~# 7.....~.7~
~~¤#¤~~~# 7¤...77777
.~~~#~#.~.~#
7...777777
#.##¤#~.#~~#
77.¤777.77 . .D .~~~##
777~7~.7~ ~. ~~~##
777~~..~77 ~#. D~..
7¤~~~...77


You could see the 27-headed Lernaean hydra, an eight-headed hydra, 3 swamp
dragons, a ghost crab and a bloated husk.

Vanquished Creatures
  Xtahua (Vaults:4)
  Saint Roka (Snake:3)
  Jory (Vaults:2)
  A titan (Vaults:4)
  3 sphinxes
  Gastronok (D:8)
  4 nagarajas
  Donald (Vaults:2)
  A fire giant (Vaults:3)
  A fenstrider witch (Swamp:4)
  9 vault wardens
  2 orc warlords
  5 formless jellyfish
  A very ugly thing (D:15)
  6 ironbound thunderhulks
  2 stone giants (Vaults:3)
  13 ironbound preservers
  2 eleionomae
  3 bunyips
  10 dire elephants
  A crystal guardian (Vaults:4)
  7 great orbs of eyes
  Josephine (D:15)
  19 hydras
  2 entropy weavers
  6 yaktaur captains
  2 deep elf high priests (Vaults:4)
  A shambling mangrove (Swamp:3)
  3 vault guards (Vaults:3)
  3 salamander tyrants
  A demonspawn (Orc:2)
  A ghost crab (Lair:2)
  A peacekeeper (Vaults:4)
  21 anacondas
  A spriggan air mage (Swamp:4)
  8 centaur warriors
  A catoblepas (Lair:5)
  A death knight (D:15)
  9 ironbound frosthearts
  6 boulder beetles
  4 two-headed ogres
  A deep troll shaman (Lair:5)
  6 alligators
  A tengu warrior (D:13)
  A vampire mage (Vaults:3)
  3 death yaks (Lair:5)
  8 naga warriors
  5 orc high priests (Orc:2)
  8 shock serpents
  7 naga sharpshooters
  2 soul eaters (Orc:2)
  5 spriggans
  6 salamander mystics
  3 skeletal warriors (D:13)
  A glowing orange brain (Vaults:3)
  A goliath frog (Swamp:3)
  4 spriggan druids
  37 deep trolls
  7 sea snakes
  7 naga ritualists
  11 lindwurms
  7 wizards
  11 swamp dragons
  3 phantasmal warriors
  2 bog bodies
  A lindwurm (shapeshifter) (D:15)
  5 cyclopes
  15 ironbound convokers
  An oklob plant (D:11)
  6 orc sorcerers
  15 mana vipers
  11 orc knights
  2 wolf spiders (Lair:4)
  40 ugly things
  4 will-o-the-wisps
  19 salamanders
  4 manticores
  6 naga magi
  28 black mambas
  A torpor snail (Lair:2)
  10 cane toads
  A black mamba (shapeshifter) (Vaults:3)
  13 vault sentinels
  16 elephants
  A gargoyle (D:12)
  11 guardian serpents
  Psyche (D:9)
  An unseen horror (shapeshifter) (D:14)
  A kobold demonologist (D:10)
  3 rime drakes
  6 komodo dragons
  An orange demon (Orc:2)
  2 freezing wraiths (D:15)
  27 yaktaurs
  A red devil (Orc:2)
  2 tengu conjurers (D:13)
  4 polar bears
  6 trolls
  9 tyrant leeches
  A raiju (shapeshifter) (D:13)
  A wolf spider simulacrum (D:14)
  A tarantella (shapeshifter) (D:15)
  8 hornets
  A spectral dream sheep (Lair:2)
  7 dream sheep (Lair:4)
  3 blink frogs (Lair:5)
  24 slime creatures
  A spectral black mamba (Lair:2)
  A culicivora (Vaults:1)
  27 yaks
  3 vampires (Vaults:3)
  A wyvern (Lair:2)
  A water elemental (D:14)
  7 wraiths
  4 redbacks
  4 basilisks
  2 steam dragons (D:8)
  16 vampire mosquitoes
  32 nagas
  A warg (Orc:1)
  2 spectral cane toads (Lair:2)
  13 swamp worms
  An acid dragon (D:11)
  4 sky beasts (D:8)
  16 water moccasins
  8 swamp drakes
  47 orc warriors
  6 ice beasts
  2 black bears
  5 ogres
  22 centaurs
  25 wolves
  2 phantoms (D:6)
  2 kobold brigands (D:8)
  14 bullfrogs
  4 scorpions
  A gnoll sergeant (D:7)
  26 wights
  8 killer bees
  9 howler monkeys
  An electric eel (Lair:4)
  8 jellies
  7 hounds
  2 gnoll boudas (D:8)
  27 orc priests
  5 iguanas
  6 sleepcaps
  26 orc wizards
  12 hell rats
  Robin (D:3)
  9 adders
  14 gnolls
  A shadow imp (D:5)
  A white imp (D:6)
  2 ufetubi
  2 worms
  108 orcs
  4 bats
  10 endoplasms
  2 giant cockroaches
  8 goblins
  8 hobgoblins
  5 jackals
  2 quokkas
  6 ball pythons
  2 frilled lizards
  15 kobolds
  8 rats
  3 butterflies (Lair:2)
1256 creatures vanquished.

Vanquished Creatures (collateral kills)
  A hornet (Swamp:2)
1 creature vanquished.

Vanquished Creatures (others)
  2 spriggans (Swamp:1)
  2 bloated husks
  A hornet (Swamp:1)
  A swamp worm (Swamp:1)
  A hell rat (Lair:3)
  An orc (D:8)
  21 foxfires
29 creatures vanquished.

Grand Total: 1286 creatures vanquished

Notes
Turn   | Place    | Note
-------+----------+-------------------------------------------
     0 | D:1      | qw the Naga Hunter began the quest for the Orb.
     0 | D:1      | Reached XP level 1. HP: 19/19 MP: 1/1
     0 | D:1      | 0 ||| qw: Version: 0.3-a-9-g12657ce
     0 | D:1      | 0 ||| qw: Game counter: 1226
     0 | D:1      | 0 ||| qw: Always use a shield: true
     0 | D:1      | 0 ||| qw: God list: Okawaru
     0 | D:1      | 0 ||| qw: Allow faded altars: false
     0 | D:1      | 0 ||| qw: Do Orc after D:15 true
     0 | D:1      | 0 ||| qw: Do second Lair branch before Depths: true
     0 | D:1      | 0 ||| qw: Lair rune preference: random
     0 | D:1      | 0 ||| qw: Plans: Normal
     0 | D:1      | 0 ||| PLANNING D:1-11
    12 | D:1      | 12 ||| INVOKING Spit Poison.
    23 | D:1      | 23 ||| INVOKING Spit Poison.
    30 | D:1      | 30 ||| INVOKING Spit Poison.
    50 | D:1      | 50 ||| INVOKING Spit Poison.
   139 | D:1      | 139 ||| INVOKING Spit Poison.
   143 | D:1      | 143 ||| INVOKING Spit Poison.
   276 | D:1      | 276 ||| INVOKING Spit Poison.
   278 | D:1      | Reached skill level 4 in Ranged Weapons
   278 | D:1      | Reached XP level 2. HP: 26/26 MP: 2/2
   340 | D:1      | 340 ||| INVOKING Spit Poison.
   346 | D:1      | 346 ||| INVOKING Spit Poison.
   381 | D:1      | 381 ||| INVOKING Spit Poison.
   392 | D:1      | 392 ||| INVOKING Spit Poison.
   393 | D:1      | Found a faded altar of an unknown god.
   422 | D:1      | 422 ||| INVOKING Spit Poison.
   430 | D:1      | 430 ||| READING scroll labelled TEJ PIEJECOASM.
   431 | D:1      | 431 ||| READING scroll labelled TACHON VEHOELANG.
   432 | D:1      | 432 ||| READING scroll labelled GISYHA DAOPP.
   432 | D:1      | Identified a scroll of acquirement
   432 | D:1      | 432 ||| ACQUIRING +6 orcbow "Wuph" {elec, Will+ Dex+3
                  | Stlth+}
   432 | D:1      | Acquired the +6 orcbow "Wuph" {elec, Will+ Dex+3 Stlth+}
   434 | D:1      | 434 ||| SWAPPING to +6 orcbow "Wuph" {elec, Will+ Dex+3
                  | Stlth+}.
   435 | D:1      | 435 ||| DROPPING +0 shortbow.
   436 | D:1      | 436 ||| READING 2 scrolls labelled UDOSTR SUYPH.
   437 | D:1      | 437 ||| READING scroll labelled GIDULY UMIFE.
   438 | D:1      | 438 ||| READING scroll labelled DIEKHL PEAHOE.
   443 | D:1      | 443 ||| DROPPING scroll of butterflies.
   444 | D:1      | 444 ||| DROPPING scroll of fear.
   724 | D:2      | 724 ||| INVOKING Spit Poison.
   815 | D:2      | 815 ||| INVOKING Spit Poison.
   833 | D:2      | 833 ||| INVOKING Spit Poison.
   837 | D:2      | 837 ||| INVOKING Spit Poison.
   838 | D:2      | Reached XP level 3. HP: 15/32 MP: 3/3
   840 | D:2      | HP: 8/32 [gnoll/+0 spear (2)]
   841 | D:2      | 841 ||| READING scroll of teleportation.
   843 | D:2      | 843 ||| INVOKING Spit Poison.
  1069 | D:2      | 1069 ||| INVOKING Spit Poison.
  1117 | D:2      | 1117 ||| INVOKING Spit Poison.
  1122 | D:2      | Reached skill level 5 in Ranged Weapons
  1122 | D:2      | Reached XP level 4. HP: 34/39 MP: 4/4
  1199 | D:2      | 1199 ||| INVOKING Spit Poison.
  1231 | D:2      | 1231 ||| INVOKING Spit Poison.
  1279 | D:2      | 1279 ||| INVOKING Spit Poison.
  1634 | D:2      | 1634 ||| READING scroll labelled RIULO YCOAMYTZ.
  1635 | D:2      | 1635 ||| DRINKING 2 fuming yellow potions.
  1636 | D:2      | 1636 ||| DRINKING 3 lumpy brown potions.
  1637 | D:2      | 1637 ||| DROPPING potion of brilliance.
  1662 | D:3      | 1662 ||| INVOKING Spit Poison.
  1664 | D:3      | Noticed Robin
  1667 | D:3      | 1667 ||| INVOKING Spit Poison.
  1670 | D:3      | 1670 ||| INVOKING Spit Poison.
  1675 | D:3      | 1675 ||| INVOKING Spit Poison.
  1676 | D:3      | HP: 6/40 [hobgoblin[Robin] (5)]
  1677 | D:3      | 1677 ||| DRINKING 2 potions of heal wounds.
  1680 | D:3      | 1680 ||| INVOKING Spit Poison.
  1681 | D:3      | HP: 9/40 [hobgoblin[Robin] (4)]
  1682 | D:3      | 1682 ||| DRINKING potion of heal wounds.
  1683 | D:3      | Killed Robin
  1684 | D:3      | Reached skill level 3 in Fighting
  1686 | D:3      | 1686 ||| INVOKING Spit Poison.
  1690 | D:3      | 1690 ||| INVOKING Spit Poison.
  1808 | D:3      | 1808 ||| INVOKING Spit Poison.
  1811 | D:3      | Reached XP level 5. HP: 49/49 MP: 5/5
  1870 | D:3      | 1870 ||| INVOKING Spit Poison.
  1920 | D:3      | 1920 ||| INVOKING Spit Poison.
  1943 | D:3      | Found a runed translucent door.
  1944 | D:3      | Noticed Crazy Yiuf
  1971 | D:3      | 1971 ||| INVOKING Spit Poison.
  2011 | D:3      | 2011 ||| INVOKING Spit Poison.
  2014 | D:3      | 2014 ||| INVOKING Spit Poison.
  2019 | D:3      | 2019 ||| INVOKING Spit Poison.
  2020 | D:3      | 2020 ||| INVOKING Spit Poison.
  2153 | D:3      | 2153 ||| INVOKING Spit Poison.
  2199 | D:3      | Noticed a water moccasin
  2202 | D:3      | Killed a water moccasin
  2203 | D:3      | Reached skill level 6 in Ranged Weapons
  2203 | D:3      | Reached XP level 6. HP: 56/56 MP: 6/6
  2265 | D:3      | 2265 ||| UPGRADING to +0 helmet.
  2270 | D:3      | 2270 ||| READING scroll labelled JIOZIL CAVIUT.
  2271 | D:3      | 2271 ||| READING scroll labelled QEIREZ ROJEEK.
  2272 | D:3      | 2272 ||| READING scroll labelled FEURCH ZOSTAT.
  2273 | D:3      | 2273 ||| DRINKING 2 metallic ruby potions.
  2274 | D:3      | 2274 ||| DROPPING potion of attraction.
  2312 | D:4      | 2312 ||| INVOKING Spit Poison.
  2318 | D:4      | 2318 ||| INVOKING Spit Poison.
  2323 | D:4      | 2323 ||| INVOKING Spit Poison.
  2340 | D:4      | 2340 ||| INVOKING Spit Poison.
  2490 | D:4      | 2490 ||| INVOKING Spit Poison.
  2509 | D:4      | 2509 ||| INVOKING Spit Poison.
  2520 | D:4      | 2520 ||| INVOKING Spit Poison.
  2545 | D:4      | 2545 ||| INVOKING Spit Poison.
  2590 | D:4      | 2590 ||| INVOKING Spit Poison.
  2591 | D:4      | 2591 ||| INVOKING Spit Poison.
  2593 | D:4      | Reached XP level 7. HP: 59/64 MP: 7/7
  2609 | D:4      | 2609 ||| INVOKING Spit Poison.
  2638 | D:4      | 2638 ||| INVOKING Spit Poison.
  3031 | D:4      | 3031 ||| UPGRADING to +0 pair of gloves.
  3036 | D:4      | 3036 ||| UPGRADING to +6 ring of dexterity.
  3037 | D:4      | 3037 ||| READING 5 scrolls labelled VUDOHO TISTRUE.
  3038 | D:4      | 3038 ||| READING 4 scrolls of identify.
  3038 | D:4      | 3038 ||| IDENTIFYING murky black potion
  3039 | D:4      | 3039 ||| READING 3 scrolls of identify.
  3039 | D:4      | 3039 ||| IDENTIFYING brown potion
  3040 | D:4      | 3040 ||| READING 2 scrolls of identify.
  3040 | D:4      | 3040 ||| IDENTIFYING fizzy blue potion
  3041 | D:4      | 3041 ||| DROPPING potion of ambrosia.
  3042 | D:4      | 3042 ||| DROPPING potion of berserk rage.
  3077 | D:5      | Entered Level 5 of the Dungeon
  3119 | D:5      | 3119 ||| INVOKING Spit Poison.
  3121 | D:5      | Reached skill level 7 in Ranged Weapons
  3168 | D:5      | 3168 ||| INVOKING Spit Poison.
  3172 | D:5      | Reached skill level 1 in Armour
  3176 | D:5      | Found the +6 shillelagh "Devastator" {shatter}
  3186 | D:5      | Reached skill level 3 in Dodging
  3224 | D:5      | 3224 ||| INVOKING Spit Poison.
  3229 | D:5      | Reached XP level 8. HP: 72/72 MP: 8/8
  3231 | D:5      | 3231 ||| INVOKING Spit Poison.
  3261 | D:5      | 3261 ||| INVOKING Spit Poison.
  3350 | D:5      | 3350 ||| INVOKING Spit Poison.
  3358 | D:5      | 3358 ||| INVOKING Spit Poison.
  3461 | D:5      | 3461 ||| INVOKING Spit Poison.
  3615 | D:5      | Reached skill level 8 in Ranged Weapons
  3840 | D:5      | 3840 ||| READING scroll labelled MACAMN UFUAGGY.
  3841 | D:5      | 3841 ||| READING 2 scrolls of identify.
  3841 | D:5      | 3841 ||| IDENTIFYING bubbling pink potion
  3967 | D:6      | 3967 ||| INVOKING Spit Poison.
  4041 | D:6      | 4041 ||| INVOKING Spit Poison.
  4115 | D:6      | 4115 ||| INVOKING Spit Poison.
  4284 | D:6      | Found a staircase to the Ecumenical Temple.
  4285 | D:6      | 4285 ||| PLANNING TEMPLE
  4285 | D:6      | 4285 ||| DROPPING ring of wizardry.
  4286 | D:6      | 4286 ||| READING 3 scrolls of identify.
  4286 | D:6      | 4286 ||| IDENTIFYING purple potion
  4291 | D:6      | 4291 ||| INVOKING Spit Poison.
  4292 | D:6      | 4292 ||| Stepping ~*~*~tactically~*~*~ (outnumbered).
  4295 | D:6      | Reached skill level 9 in Ranged Weapons
  4295 | D:6      | 4295 ||| Stepping ~*~*~tactically~*~*~ (outnumbered).
  4298 | D:6      | Reached XP level 9. HP: 79/79 MP: 9/9
  4298 | D:6      | 4298 ||| INVOKING Spit Poison.
  4302 | D:6      | 4302 ||| INVOKING Spit Poison.
  4330 | Temple   | Entered the Ecumenical Temple
  4406 | Temple   | 4406 ||| PLANNING OKAWARU WORSHIP
  5084 | Temple   | Became a worshipper of Warmaster Okawaru
  5085 | Temple   | 5085 ||| PLANNING D:1-11
  5151 | D:6      | 5151 ||| INVOKING Spit Poison.
  5170 | D:6      | 5170 ||| INVOKING Spit Poison.
  5175 | D:6      | 5175 ||| INVOKING Spit Poison.
  5182 | D:6      | 5182 ||| INVOKING Spit Poison.
  5265 | D:6      | 5265 ||| INVOKING Spit Poison.
  5529 | D:7      | Reached skill level 6 in Fighting
  5553 | D:7      | 5553 ||| INVOKING Spit Poison.
  5560 | D:7      | 5560 ||| INVOKING Spit Poison.
  5561 | D:7      | Reached * piety under Okawaru
  5601 | D:7      | 5601 ||| INVOKING Spit Poison.
  5602 | D:7      | 5602 ||| Stepping ~*~*~tactically~*~*~ (outnumbered).
  5603 | D:7      | 5603 ||| Stepping ~*~*~tactically~*~*~ (outnumbered).
  5606 | D:7      | 5606 ||| INVOKING Spit Poison.
  5613 | D:7      | 5613 ||| INVOKING Spit Poison.
  5614 | D:7      | Reached skill level 1 in Invocations
  5622 | D:7      | 5622 ||| INVOKING Spit Poison.
  5663 | D:7      | 5663 ||| INVOKING Heroism.
  5664 | D:7      | 5664 ||| INVOKING Spit Poison.
  5669 | D:7      | 5669 ||| INVOKING Spit Poison.
  5858 | D:7      | 5858 ||| INVOKING Spit Poison.
  5886 | D:7      | Reached skill level 10 in Ranged Weapons
  6291 | D:7      | Noticed a hornet
  6294 | D:7      | 6294 ||| INVOKING Spit Poison.
  6295 | D:7      | Killed a hornet
  6296 | D:7      | Reached skill level 3 in Invocations
  6307 | D:7      | 6307 ||| UPGRADING to +0 leather armour of cold resistance.
  6317 | D:7      | 6317 ||| DROPPING +0 leather armour.
  6336 | D:8      | 6336 ||| INVOKING Spit Poison.
  6339 | D:8      | 6339 ||| STAIRDANCE
  6341 | D:7      | 6341 ||| INVOKING Heroism.
  6342 | D:7      | 6342 ||| INVOKING Spit Poison.
  6349 | D:7      | 6349 ||| INVOKING Spit Poison.
  6353 | D:7      | 6353 ||| INVOKING Spit Poison.
  6482 | D:8      | 6482 ||| INVOKING Heroism.
  6483 | D:8      | 6483 ||| INVOKING Spit Poison.
  6485 | D:8      | 6485 ||| Stepping ~*~*~tactically~*~*~ (cloud).
  6487 | D:8      | 6487 ||| INVOKING Spit Poison.
  6569 | D:8      | 6569 ||| INVOKING Heroism.
  6570 | D:8      | 6570 ||| Stepping ~*~*~tactically~*~*~ (cloud).
  6572 | D:8      | 6572 ||| INVOKING Spit Poison.
  6576 | D:8      | Reached XP level 10. HP: 81/92 MP: 9/13
  6626 | D:8      | Noticed Gastronok
  6627 | D:8      | 6627 ||| INVOKING Heroism.
  6629 | D:8      | 6629 ||| INVOKING Spit Poison.
  6637 | D:8      | 6637 ||| INVOKING Spit Poison.
  6641 | D:8      | 6641 ||| INVOKING Spit Poison.
  6646 | D:8      | 6646 ||| INVOKING Spit Poison.
  6650 | D:8      | Killed Gastronok
  6651 | D:8      | Reached skill level 11 in Ranged Weapons
  6653 | D:8      | 6653 ||| INVOKING Spit Poison.
  6668 | D:8      | 6668 ||| FLEEEEING.
  6970 | D:8      | Found a runed translucent gate.
  6975 | D:8      | Found a runed translucent gate.
  6976 | D:8      | Found a runed translucent gate.
  6977 | D:8      | Noticed qw's ghost (novice NaHu)
  6985 | D:8      | 6985 ||| INVOKING Spit Poison.
  6988 | D:8      | 6988 ||| INVOKING Heroism.
  6991 | D:8      | 6991 ||| INVOKING Spit Poison.
  6995 | D:8      | 6995 ||| INVOKING Spit Poison.
  7164 | D:8      | Found a viscous altar of Jiyva.
  7213 | D:8      | 7213 ||| INVOKING Heroism.
  7215 | D:8      | 7215 ||| INVOKING Spit Poison.
  7247 | D:8      | 7247 ||| READING scroll of enchant armour.
  7247 | D:8      | 7247 ||| ENCHANTING +0 pair of gloves.
  7289 | D:8      | 7289 ||| INVOKING Heroism.
  7290 | D:8      | 7290 ||| INVOKING Spit Poison.
  7297 | D:8      | 7297 ||| INVOKING Spit Poison.
  7344 | D:8      | 7344 ||| INVOKING Spit Poison.
  7352 | D:8      | 7352 ||| INVOKING Spit Poison.
  7379 | D:8      | 7379 ||| INVOKING Spit Poison.
  7380 | D:8      | 7380 ||| Stepping ~*~*~tactically~*~*~ (outnumbered).
  7382 | D:8      | 7382 ||| INVOKING Heroism.
  7386 | D:8      | 7386 ||| INVOKING Spit Poison.
  7393 | D:8      | 7393 ||| INVOKING Spit Poison.
  7457 | D:8      | 7457 ||| INVOKING Spit Poison.
  7458 | D:8      | 7458 ||| Stepping ~*~*~tactically~*~*~ (outnumbered).
  7460 | D:8      | 7460 ||| INVOKING Spit Poison.
  7467 | D:8      | 7467 ||| INVOKING Spit Poison.
  7471 | D:8      | 7471 ||| INVOKING Spit Poison.
  7477 | D:8      | 7477 ||| INVOKING Spit Poison.
  7479 | D:8      | Reached ** piety under Okawaru
  7483 | D:8      | 7483 ||| INVOKING Spit Poison.
  7487 | D:8      | 7487 ||| INVOKING Spit Poison.
  7595 | D:8      | 7595 ||| DROPPING ring of magical power.
  7706 | D:8      | 7706 ||| INVOKING Spit Poison.
  7710 | D:8      | 7710 ||| INVOKING Spit Poison.
  7715 | D:8      | 7715 ||| INVOKING Spit Poison.
  7752 | D:8      | Reached XP level 11. HP: 98/103 MP: 14/14
  7877 | D:9      | Noticed Psyche
  7878 | D:9      | 7878 ||| INVOKING Heroism.
  7879 | D:9      | 7879 ||| INVOKING Spit Poison.
  7883 | D:9      | 7883 ||| INVOKING Spit Poison.
  7884 | D:9      | Killed Psyche
  7885 | D:9      | Reached skill level 12 in Ranged Weapons
  7964 | D:9      | 7964 ||| INVOKING Spit Poison.
  7968 | D:9      | 7968 ||| INVOKING Spit Poison.
  7975 | D:9      | Found Foat's Book Shoppe.
  7976 | D:9      | 7976 ||| INVOKING Spit Poison.
  8000 | D:9      | 8000 ||| INVOKING Spit Poison.
  8007 | D:9      | 8007 ||| INVOKING Spit Poison.
  8022 | D:9      | 8022 ||| Stepping ~*~*~tactically~*~*~ (outnumbered).
  8024 | D:9      | 8024 ||| INVOKING Heroism.
  8025 | D:9      | 8025 ||| INVOKING Spit Poison.
  8026 | D:9      | 8026 ||| Stepping ~*~*~tactically~*~*~ (outnumbered).
  8030 | D:9      | 8030 ||| INVOKING Spit Poison.
  8035 | D:9      | Reached skill level 6 in Dodging
  8108 | D:9      | 8108 ||| INVOKING Spit Poison.
  8113 | D:9      | 8113 ||| INVOKING Spit Poison.
  8582 | D:9      | 8582 ||| UPGRADING to +1 leather armour of fire resistance.
  8592 | D:9      | 8592 ||| READING scroll labelled USSAON XEBRO.
  8593 | D:9      | 8593 ||| READING 4 scrolls of identify.
  8593 | D:9      | 8593 ||| IDENTIFYING murky blue potion
  8594 | D:9      | 8594 ||| READING 3 scrolls of identify.
  8594 | D:9      | 8594 ||| IDENTIFYING blue potion
  8595 | D:9      | 8595 ||| READING 2 scrolls of identify.
  8595 | D:9      | 8595 ||| IDENTIFYING orange potion
  8596 | D:9      | 8596 ||| DROPPING potion of degeneration.
  8597 | D:9      | 8597 ||| DROPPING potion of invisibility.
  8612 | D:10     | Entered Level 10 of the Dungeon
  8612 | D:10     | Noticed qw's ghost (journeyman NaHu)
  8612 | D:10     | Found a runed translucent door.
  8688 | D:10     | Found a bloodstained altar of Trog.
  8691 | D:10     | Found a white marble altar of Elyvilon.
  8692 | D:10     | Found a glowing silver altar of Zin.
  8692 | D:10     | Found an ornate altar of the Wu Jian Council.
  8692 | D:10     | Found a hide-covered altar of Uskayaw.
  8699 | D:10     | Reached *** piety under Okawaru
  8702 | D:10     | 8702 ||| INVOKING Heroism.
  8826 | D:10     | Found a broken altar of Ashenzari.
  8911 | D:10     | 8911 ||| INVOKING Heroism.
  8912 | D:10     | 8912 ||| INVOKING Spit Poison.
  8916 | D:10     | 8916 ||| INVOKING Spit Poison.
  8922 | D:10     | 8922 ||| INVOKING Spit Poison.
  8963 | D:10     | Found a staircase to the Orcish Mines.
  8964 | D:10     | 8964 ||| INVOKING Spit Poison.
  8976 | D:10     | 8976 ||| Stepping ~*~*~tactically~*~*~ (outnumbered).
  8977 | D:10     | 8977 ||| Stepping ~*~*~tactically~*~*~ (outnumbered).
  8979 | D:10     | 8979 ||| INVOKING Spit Poison.
  8983 | D:10     | 8983 ||| INVOKING Spit Poison.
  8984 | D:10     | 8984 ||| INVOKING Spit Poison.
  8990 | D:10     | 8990 ||| INVOKING Spit Poison.
  8998 | D:10     | 8998 ||| INVOKING Spit Poison.
  9010 | D:10     | 9010 ||| INVOKING Spit Poison.
  9080 | D:10     | Noticed a two-headed ogre
  9081 | D:10     | 9081 ||| INVOKING Heroism.
  9083 | D:10     | 9083 ||| INVOKING Spit Poison.
  9087 | D:10     | 9087 ||| INVOKING Spit Poison.
  9088 | D:10     | Killed a two-headed ogre
  9089 | D:10     | Reached skill level 13 in Ranged Weapons
  9119 | D:10     | 9119 ||| INVOKING Heroism.
  9121 | D:10     | 9121 ||| INVOKING Spit Poison.
  9153 | D:10     | 9153 ||| INVOKING Spit Poison.
  9157 | D:10     | 9157 ||| INVOKING Heroism.
  9160 | D:10     | 9160 ||| INVOKING Spit Poison.
  9218 | D:10     | 9218 ||| INVOKING Spit Poison.
  9354 | D:10     | 9354 ||| INVOKING Spit Poison.
  9370 | D:10     | 9370 ||| INVOKING Spit Poison.
  9532 | D:10     | 9532 ||| INVOKING Heroism.
  9533 | D:10     | 9533 ||| INVOKING Spit Poison.
  9541 | D:10     | 9541 ||| INVOKING Spit Poison.
  9643 | D:10     | 9643 ||| DROPPING +0 leather armour of cold resistance.
  9644 | D:10     | 9644 ||| UPGRADING to +5 ring of evasion.
  9645 | D:10     | 9645 ||| READING scroll labelled BUCEWOEZUX.
  9673 | D:11     | 9673 ||| INVOKING Heroism.
  9696 | D:11     | 9696 ||| INVOKING Spit Poison.
  9709 | D:11     | 9709 ||| INVOKING Spit Poison.
  9718 | D:11     | 9718 ||| INVOKING Heroism.
  9720 | D:11     | 9720 ||| INVOKING Spit Poison.
  9722 | D:11     | Reached skill level 9 in Fighting
  9763 | D:11     | Noticed an oklob plant
  9764 | D:11     | 9764 ||| INVOKING Heroism.
  9765 | D:11     | 9765 ||| UPGRADING to +0 cloak.
  9772 | D:11     | Found a staircase to the Lair.
  9776 | D:11     | Killed an oklob plant
  9795 | D:11     | Noticed a two-headed ogre
  9796 | D:11     | 9796 ||| INVOKING Heroism.
  9801 | D:11     | 9801 ||| INVOKING Spit Poison.
  9805 | D:11     | Killed a two-headed ogre
  9949 | D:11     | Noticed a two-headed ogre
  9950 | D:11     | 9950 ||| INVOKING Heroism.
  9953 | D:11     | 9953 ||| INVOKING Spit Poison.
  9956 | D:11     | Killed a two-headed ogre
  9988 | D:11     | 9988 ||| INVOKING Spit Poison.
  9990 | D:11     | Reached XP level 12. HP: 114/114 MP: 15/15
  9999 | D:11     | Found a large runed translucent door.
  9999 | D:11     | Noticed DadFather's ghost (journeyman CeHu)
 10002 | D:11     | Found a large runed translucent door.
 10141 | D:11     | 10141 ||| INVOKING Heroism.
 10347 | D:11     | Reached skill level 14 in Ranged Weapons
 10549 | D:11     | 10549 ||| PLANNING LAIR
 10665 | Lair:1   | Entered Level 1 of the Lair of Beasts
 10820 | Lair:1   | Reached **** piety under Okawaru
 11160 | Lair:1   | 11160 ||| READING scroll labelled OROACHIDDE.
 11305 | Lair:2   | Noticed a five-headed hydra
 11306 | Lair:2   | 11306 ||| INVOKING Heroism.
 11321 | Lair:2   | 11321 ||| INVOKING Heroism.
 11323 | Lair:2   | Killed a five-headed hydra
 11323 | Lair:2   | Received a gift from Okawaru
 11361 | Lair:2   | 11361 ||| INVOKING Heroism.
 11482 | Lair:2   | You fall into a shaft and drop 2 floors!
 11589 | Lair:4   | 11589 ||| INVOKING Heroism.
 11762 | Lair:4   | Reached skill level 6 in Invocations
 11791 | Lair:4   | 11791 ||| INVOKING Heroism.
 11908 | Lair:4   | 11908 ||| UPGRADING to amulet of faith.
 11913 | Lair:4   | 11913 ||| READING 5 scrolls of identify.
 11913 | Lair:4   | 11913 ||| IDENTIFYING sapphire potion
 11914 | Lair:4   | 11914 ||| DROPPING potion of lignification.
 11923 | Lair:3   | Noticed an eight-headed hydra
 11924 | Lair:3   | 11924 ||| INVOKING Heroism.
 11929 | Lair:3   | Killed an eight-headed hydra
 11949 | Lair:3   | Gained mutation: You can use your snake-like lower body to
                  | constrict enemies. [Naga growth]
 11949 | Lair:3   | Reached XP level 13. HP: 101/119 MP: 16/18
 11958 | Lair:3   | 11958 ||| INVOKING Heroism.
 12262 | Lair:2   | 12262 ||| INVOKING Heroism.
 12316 | Lair:2   | Reached skill level 15 in Ranged Weapons
 12335 | Lair:2   | Reached ***** piety under Okawaru
 12509 | Lair:2   | 12509 ||| INVOKING Heroism.
 12528 | Lair:2   | Reached skill level 3 in Armour
 12578 | Lair:2   | 12578 ||| INVOKING Heroism.
 12589 | Lair:2   | Identified the +0 barding "Safeur" {*Corrode Dex+5}
                  | (Okawaru gifted it to you on level 2 of the Lair of Beasts)
 12589 | Lair:2   | Received a gift from Okawaru
 12601 | Lair:2   | Reached skill level 9 in Invocations
 13054 | Lair:2   | Found a staircase to the Swamp.
 13290 | Lair:2   | 13290 ||| UPGRADING to +0 barding "Safeur" {*Corrode
                  | Dex+5}.
 13647 | Lair:3   | 13647 ||| READING scroll of enchant armour.
 13647 | Lair:3   | 13647 ||| ENCHANTING +1 pair of gloves.
 13655 | Lair:3   | 13655 ||| Stepping ~*~*~tactically~*~*~ (outnumbered).
 13675 | Lair:3   | Found a staircase to the Snake Pit.
 14107 | Lair:3   | 14107 ||| READING scroll labelled YDUNEG YGIOCS.
 14162 | Lair:4   | Found a viscous altar of Jiyva.
 14164 | Lair:4   | 14164 ||| INVOKING Heroism.
 14201 | Lair:4   | Found a staircase to the Slime Pits.
 14393 | Lair:4   | 14393 ||| READING scroll of enchant armour.
 14393 | Lair:4   | 14393 ||| ENCHANTING +0 helmet.
 14437 | Lair:4   | 14437 ||| READING scroll of enchant armour.
 14437 | Lair:4   | 14437 ||| ENCHANTING +1 helmet.
 14800 | Lair:4   | 14800 ||| INVOKING Heroism.
 14955 | Lair:4   | 14955 ||| READING 8 scrolls of identify.
 14955 | Lair:4   | 14955 ||| IDENTIFYING coppery potion
 14956 | Lair:4   | 14956 ||| READING 7 scrolls of identify.
 14956 | Lair:4   | 14956 ||| IDENTIFYING murky cyan potion
 14977 | Lair:5   | Entered Level 5 of the Lair of Beasts
 14978 | Lair:5   | 14978 ||| INVOKING Heroism.
 15049 | Lair:5   | 15049 ||| INVOKING Heroism.
 15162 | Lair:5   | Received a gift from Okawaru
 15181 | Lair:5   | 15181 ||| INVOKING Heroism.
 15257 | Lair:5   | 15257 ||| INVOKING Heroism.
 15264 | Lair:5   | Reached XP level 14. HP: 132/132 MP: 19/21
 15314 | Lair:5   | 15314 ||| INVOKING Heroism.
 15415 | Lair:5   | 15415 ||| INVOKING Heroism.
 15422 | Lair:5   | 15422 ||| INVOKING Finesse.
 15468 | Lair:5   | Noticed a dire elephant
 15469 | Lair:5   | 15469 ||| INVOKING Heroism.
 15470 | Lair:5   | 15470 ||| INVOKING Finesse.
 15476 | Lair:5   | Reached skill level 16 in Ranged Weapons
 15489 | Lair:5   | Killed a dire elephant
 15535 | Lair:5   | Identified the +7 spear "Qyveuroa" {freeze, *Corrode rC-
                  | Int+9 Dex+3}
 15805 | Lair:5   | 15805 ||| INVOKING Heroism.
 15806 | Lair:5   | 15806 ||| INVOKING Finesse.
 15819 | Lair:5   | Reached skill level 9 in Dodging
 16058 | Lair:5   | 16058 ||| PLANNING D:1-11
 16058 | Lair:5   | 16058 ||| DROPPING +0 steam dragon scales.
 16059 | Lair:5   | 16059 ||| DROPPING +1 robe of cold resistance.
 16060 | Lair:5   | 16060 ||| UPGRADING to +0 troll leather armour.
 16249 | D:11     | 16249 ||| Stepping randomly (stuck).
 16250 | D:11     | 16250 ||| PLANNING D
 16939 | D:12     | Identified the +5 short sword of Due Proportion {vamp,
                  | rElec rC+ rN+ Dex-3} (Okawaru gifted it to you on level 12
                  | of the Dungeon)
 16939 | D:12     | Received a gift from Okawaru
 17201 | D:13     | 17201 ||| STAIRDANCE
 17271 | D:13     | 17271 ||| INVOKING Heroism.
 17476 | D:13     | 17476 ||| Stepping ~*~*~tactically~*~*~ (outnumbered).
 17625 | D:13     | Reached skill level 6 in Armour
 17809 | D:14     | 17809 ||| INVOKING Heroism.
 17827 | D:14     | 17827 ||| STAIRDANCE
 17829 | D:13     | HP: 19/135 [white ugly thing (25)]
 17830 | D:13     | 17830 ||| READING 11 scrolls of teleportation.
 17831 | D:13     | 17831 ||| DRINKING potion of heal wounds.
 17833 | D:13     | Identified the scarf "Ychules" {harm, rC+ Int+3} (Okawaru
                  | gifted it to you on level 13 of the Dungeon)
 17833 | D:13     | Received a gift from Okawaru
 17934 | D:13     | 17934 ||| INVOKING Heroism.
 17998 | D:14     | 17998 ||| READING scroll of acquirement.
 17998 | D:14     | 17998 ||| ACQUIRING 743 gold pieces
 17998 | D:14     | Acquired 743 gold pieces
 18029 | D:14     | Found a white marble altar of Elyvilon.
 18167 | D:14     | 18167 ||| INVOKING Heroism.
 18168 | D:14     | 18168 ||| INVOKING Finesse.
 18177 | D:14     | Reached skill level 12 in Fighting
 18249 | D:14     | 18249 ||| INVOKING Heroism.
 18378 | D:14     | 18378 ||| INVOKING Heroism.
 18383 | D:14     | Reached XP level 15. HP: 144/144 MP: 19/22
 18420 | D:14     | Found a gate to the Vaults.
 18540 | D:14     | 18540 ||| INVOKING Heroism.
 18810 | D:15     | Entered Level 15 of the Dungeon
 18822 | D:15     | 18822 ||| Stepping ~*~*~tactically~*~*~ (outnumbered).
 18824 | D:15     | 18824 ||| Stepping ~*~*~tactically~*~*~ (outnumbered).
 18826 | D:15     | 18826 ||| Stepping ~*~*~tactically~*~*~ (outnumbered).
 18828 | D:15     | 18828 ||| Stepping ~*~*~tactically~*~*~ (outnumbered).
 18830 | D:15     | 18830 ||| Stepping ~*~*~tactically~*~*~ (outnumbered).
 18832 | D:15     | 18832 ||| Stepping ~*~*~tactically~*~*~ (outnumbered).
 18837 | D:15     | 18837 ||| Stepping ~*~*~tactically~*~*~ (outnumbered).
 18839 | D:15     | 18839 ||| Stepping ~*~*~tactically~*~*~ (outnumbered).
 18863 | D:15     | Found Joos's Assorted Antiques.
 18878 | D:15     | 18878 ||| BUYING potion of curing (84 gold).
 18878 | D:15     | Bought a potion of curing for 84 gold pieces
 18878 | D:15     | 18878 ||| BUYING potion of curing (84 gold).
 18878 | D:15     | Bought a potion of curing for 84 gold pieces
 18878 | D:15     | 18878 ||| BUYING scroll labelled TYITAP PAYD (28 gold).
 18878 | D:15     | Bought a scroll labelled TYITAP PAYD for 28 gold pieces
 18878 | D:15     | 18878 ||| BUYING scroll labelled TYITAP PAYD (28 gold).
 18878 | D:15     | Bought a scroll labelled TYITAP PAYD for 28 gold pieces
 18878 | D:15     | 18878 ||| BUYING scroll of identify (56 gold).
 18878 | D:15     | Bought a scroll of identify for 56 gold pieces
 18878 | D:15     | 18878 ||| BUYING scroll of identify (56 gold).
 18878 | D:15     | Bought a scroll of identify for 56 gold pieces
 18878 | D:15     | 18878 ||| BUYING shiny marble ring (140 gold).
 18878 | D:15     | Bought a shiny marble ring for 140 gold pieces
 18930 | D:15     | Found Giukuul's Magic Scroll Shop.
 18948 | D:15     | 18948 ||| BUYING scroll of teleportation (48 gold).
 18948 | D:15     | Bought a scroll of teleportation for 48 gold pieces
 18979 | D:15     | 18979 ||| INVOKING Heroism.
 19064 | D:15     | Received a gift from Okawaru
 19069 | D:15     | 19069 ||| SWAPPING to +8 longbow of electrocution.
 19070 | D:15     | 19070 ||| DROPPING +6 orcbow "Wuph" {elec, Will+ Dex+3
                  | Stlth+}.
 19071 | D:15     | 19071 ||| DROPPING +0 longbow.
 19267 | D:15     | Found a radiant altar of Vehumet.
 19361 | D:15     | Noticed Josephine
 19370 | D:15     | Killed Josephine
 19570 | D:15     | Found Kagu's Magic Scroll Shoppe.
 19573 | D:15     | 19573 ||| BUYING scroll of acquirement (936 gold).
 19573 | D:15     | Bought a scroll of acquirement for 936 gold pieces
 19573 | D:15     | 19573 ||| BUYING scroll of enchant armour (135 gold).
 19573 | D:15     | Bought a scroll of enchant armour for 135 gold pieces
 19573 | D:15     | 19573 ||| READING scroll of acquirement.
 19573 | D:15     | 19573 ||| ACQUIRING 1187 gold pieces
 19573 | D:15     | Acquired 1187 gold pieces
 19575 | D:15     | 19575 ||| READING scroll of enchant armour.
 19575 | D:15     | 19575 ||| ENCHANTING +0 cloak.
 19653 | D:15     | 19653 ||| INVOKING Heroism.
 19658 | D:15     | 19658 ||| READING 11 scrolls of teleportation.
 19746 | D:15     | 19746 ||| INVOKING Heroism.
 19793 | D:15     | Found a staircase to the Depths.
 19799 | D:15     | 19799 ||| PLANNING ORC
 19799 | D:15     | 19799 ||| DROPPING ring of protection from cold.
 19800 | D:15     | 19800 ||| DROPPING ring of flight.
 19801 | D:15     | 19801 ||| READING 2 scrolls labelled TYITAP PAYD.
 19802 | D:15     | 19802 ||| DROPPING scroll of blinking.
 19955 | Orc:1    | Entered Level 1 of the Orcish Mines
 20005 | Orc:1    | 20005 ||| INVOKING Heroism.
 20016 | Orc:1    | Received a gift from Okawaru
 20036 | Orc:1    | Found Ytsurgh's Weapon Shoppe.
 20085 | Orc:1    | Found a frozen archway.
 20182 | Orc:1    | Found a runed translucent door.
 20182 | Orc:1    | Found a shimmering altar of Xom.
 20182 | Orc:1    | Noticed blexxed's ghost (journeyman DsFi)
 20204 | Orc:1    | Noticed an orc warlord
 20204 | Orc:1    | 20204 ||| INVOKING Heroism.
 20205 | Orc:1    | 20205 ||| INVOKING Finesse.
 20211 | Orc:1    | Reached skill level 17 in Ranged Weapons
 20233 | Orc:1    | Killed an orc warlord
 20293 | Orc:1    | 20293 ||| Stepping ~*~*~tactically~*~*~ (outnumbered).
 20822 | Orc:2    | Entered Level 2 of the Orcish Mines
 20916 | Orc:2    | 20916 ||| INVOKING Heroism.
 20961 | Orc:2    | Found a staircase to the Elven Halls.
 21050 | Orc:2    | 21050 ||| INVOKING Heroism.
 21090 | Orc:2    | Found Ymoxyut's General Store.
 21103 | Orc:2    | Found Inor's General Store.
 21125 | Orc:2    | 21125 ||| BUYING potion of heal wounds (75 gold).
 21125 | Orc:2    | Bought a potion of heal wounds for 75 gold pieces
 21125 | Orc:2    | 21125 ||| BUYING scroll of teleportation (45 gold).
 21125 | Orc:2    | Bought a scroll of teleportation for 45 gold pieces
 21127 | Orc:2    | 21127 ||| BUYING potion of enlightenment (75 gold).
 21127 | Orc:2    | Bought a potion of enlightenment for 75 gold pieces
 21127 | Orc:2    | 21127 ||| BUYING scroll of teleportation (45 gold).
 21127 | Orc:2    | Bought a scroll of teleportation for 45 gold pieces
 21127 | Orc:2    | 21127 ||| BUYING wand of digging (4) (252 gold).
 21127 | Orc:2    | Bought a wand of digging (4) for 252 gold pieces
 21179 | Orc:2    | 21179 ||| FLEEEEING.
 21180 | Orc:2    | 21180 ||| FLEEEEING.
 21187 | Orc:2    | 21187 ||| FLEEEEING.
 21193 | Orc:2    | Received a gift from Okawaru
 21197 | Orc:2    | 21197 ||| INVOKING Heroism.
 21211 | Orc:2    | 21211 ||| INVOKING Finesse.
 21241 | Orc:2    | Reached XP level 16. HP: 123/154 MP: 19/23
 21292 | Orc:2    | Found Inludyop's Book Shop.
 21508 | Orc:2    | Reached skill level 18 in Ranged Weapons
 21524 | Orc:2    | 21524 ||| INVOKING Heroism.
 21599 | Orc:2    | 21599 ||| INVOKING Heroism.
 21617 | Orc:2    | Found Wixzuewk's Antique Armour Emporium.
 21617 | Orc:2    | Found Biekk's Book Shoppe.
 21618 | Orc:2    | Found a one-way gate leading to the halls of Pandemonium.
 21620 | Orc:2    | 21620 ||| BUYING runed leather armour (145 gold).
 21620 | Orc:2    | Bought a runed leather armour for 145 gold pieces
 21620 | Orc:2    | 21620 ||| BUYING runed ring mail (203 gold).
 21620 | Orc:2    | Bought a runed ring mail for 203 gold pieces
 21623 | Orc:2    | 21623 ||| PLANNING SNAKE:1-3
 21623 | Orc:2    | 21623 ||| UPGRADING to +3 leather armour of cold
                  | resistance.
 21633 | Orc:2    | 21633 ||| DROPPING +3 ring mail of poison resistance.
 21795 | Snake:1  | Entered Level 1 of the Snake Pit
 21796 | Snake:1  | 21796 ||| INVOKING Heroism.
 21922 | Snake:1  | 21922 ||| INVOKING Heroism.
 21949 | Snake:1  | 21949 ||| Stepping ~*~*~tactically~*~*~ (outnumbered).
 21952 | Snake:1  | 21952 ||| Stepping ~*~*~tactically~*~*~ (outnumbered).
 21958 | Snake:1  | 21958 ||| Stepping ~*~*~tactically~*~*~ (outnumbered).
 21960 | Snake:1  | 21960 ||| Stepping ~*~*~tactically~*~*~ (outnumbered).
 22083 | Snake:1  | 22083 ||| INVOKING Heroism.
 22336 | Snake:1  | Received a gift from Okawaru
 22373 | Snake:1  | Reached skill level 19 in Ranged Weapons
 22589 | Snake:1  | 22589 ||| INVOKING Heroism.
 23124 | Snake:1  | 23124 ||| UPGRADING to +2 barding of fire resistance.
 23134 | Snake:1  | 23134 ||| DROPPING +4 ring of slaying {mikee}.
 23246 | Snake:2  | 23246 ||| Stepping ~*~*~tactically~*~*~ (outnumbered).
 23248 | Snake:2  | 23248 ||| Stepping ~*~*~tactically~*~*~ (outnumbered).
 23252 | Snake:2  | 23252 ||| Stepping ~*~*~tactically~*~*~ (outnumbered).
 23339 | Snake:2  | 23339 ||| INVOKING Heroism.
 23464 | Snake:2  | 23464 ||| INVOKING Heroism.
 23465 | Snake:2  | 23465 ||| Stepping ~*~*~tactically~*~*~ (outnumbered).
 23466 | Snake:2  | 23466 ||| Stepping ~*~*~tactically~*~*~ (outnumbered).
 23472 | Snake:2  | 23472 ||| Stepping ~*~*~tactically~*~*~ (outnumbered).
 23696 | Snake:2  | 23696 ||| Stepping ~*~*~tactically~*~*~ (outnumbered).
 23698 | Snake:2  | 23698 ||| INVOKING Heroism.
 24142 | Snake:2  | 24142 ||| INVOKING Heroism.
 24192 | Snake:3  | Received a gift from Okawaru
 24198 | Snake:3  | Noticed a nagaraja
 24199 | Snake:3  | 24199 ||| INVOKING Heroism.
 24208 | Snake:3  | Killed a nagaraja
 24359 | Snake:3  | 24359 ||| INVOKING Heroism.
 24432 | Snake:3  | 24432 ||| INVOKING Heroism.
 24548 | Snake:3  | Reached skill level 20 in Ranged Weapons
 24548 | Snake:3  | Reached XP level 17. HP: 162/163 MP: 24/24
 24629 | Snake:3  | 24629 ||| INVOKING Heroism.
 24801 | Snake:3  | 24801 ||| Stepping ~*~*~tactically~*~*~ (outnumbered).
 24803 | Snake:3  | 24803 ||| Stepping ~*~*~tactically~*~*~ (outnumbered).
 24811 | Snake:3  | 24811 ||| Stepping ~*~*~tactically~*~*~ (outnumbered).
 24814 | Snake:3  | 24814 ||| Stepping ~*~*~tactically~*~*~ (outnumbered).
 24815 | Snake:3  | 24815 ||| Stepping ~*~*~tactically~*~*~ (outnumbered).
 24940 | Snake:3  | 24940 ||| INVOKING Heroism.
 25097 | Snake:3  | 25097 ||| INVOKING Heroism.
 25312 | Snake:3  | Noticed Saint Roka
 25314 | Snake:3  | 25314 ||| INVOKING Heroism.
 25315 | Snake:3  | 25315 ||| INVOKING Finesse.
 25327 | Snake:3  | Killed Saint Roka
 25470 | Snake:3  | 25470 ||| DROPPING +1 helmet.
 25471 | Snake:3  | 25471 ||| DROPPING ring of willpower.
 25808 | Snake:3  | 25808 ||| Stepping randomly (stuck).
 25935 | Snake:3  | 25935 ||| STAIRDANCE
 25991 | Snake:3  | 25991 ||| READING scroll of enchant armour.
 25991 | Snake:3  | 25991 ||| ENCHANTING +2 barding of fire resistance.
 25992 | Snake:3  | 25992 ||| Stepping randomly (stuck).
 25993 | Snake:3  | 25993 ||| PLANNING SWAMP:1-3
 26125 | Swamp:1  | Entered Level 1 of the Swamp
 26130 | Swamp:1  | 26130 ||| INVOKING Heroism.
 26154 | Swamp:1  | 26154 ||| STAIRDANCE
 26156 | Lair:2   | 26156 ||| INVOKING Heroism.
 26166 | Lair:2   | HP: 33/166 [alligator (16)]
 26167 | Lair:2   | 26167 ||| READING 14 scrolls of teleportation.
 26168 | Lair:2   | 26168 ||| DRINKING 2 potions of heal wounds.
 26467 | Swamp:1  | 26467 ||| INVOKING Heroism.
 26490 | Swamp:1  | Identified the +2 barding "Mappuz" {Str+2} (Okawaru gifted
                  | it to you on level 1 of the Swamp)
 26490 | Swamp:1  | Received a gift from Okawaru
 26498 | Swamp:1  | 26498 ||| FLEEEEING.
 26499 | Swamp:1  | 26499 ||| STAIRDANCE
 26742 | Swamp:1  | 26742 ||| READING 3 scrolls of brand weapon.
 26742 | Swamp:1  | 26742 ||| BRANDING +8 longbow of electrocution.
 26743 | Swamp:1  | 26743 ||| READING 2 scrolls of brand weapon.
 26743 | Swamp:1  | 26743 ||| BRANDING +8 longbow of flaming.
 26744 | Swamp:1  | 26744 ||| READING scroll of brand weapon.
 26744 | Swamp:1  | 26744 ||| BRANDING +8 longbow of draining.
 27092 | Swamp:1  | 27092 ||| DROPPING +2 barding "Mappuz" {Str+2}.
 27093 | Swamp:1  | 27093 ||| UPGRADING to +6 ring of dexterity.
 27095 | Swamp:1  | 27095 ||| DROPPING +5 ring of evasion.
 27096 | Swamp:1  | 27096 ||| READING 16 scrolls of identify.
 27096 | Swamp:1  | 27096 ||| IDENTIFYING silvery potion
 27141 | Swamp:2  | 27141 ||| INVOKING Heroism.
 27259 | Swamp:2  | 27259 ||| INVOKING Heroism.
 27718 | Swamp:2  | 27718 ||| DROPPING ring of protection from fire.
 28117 | Swamp:3  | 28117 ||| INVOKING Heroism.
 28140 | Swamp:3  | Reached skill level 12 in Dodging
 28288 | Swamp:3  | 28288 ||| PLANNING SNAKE:4
 28493 | Snake:4  | Entered Level 4 of the Snake Pit
 28494 | Snake:4  | 28494 ||| Stepping ~*~*~tactically~*~*~ (outnumbered).
 28519 | Snake:4  | Found Coihauxaxt's Armour Emporium.
 28527 | Snake:4  | 28527 ||| BUYING +2 ring mail of fire resistance (294
                  | gold).
 28527 | Snake:4  | Bought a +2 ring mail of fire resistance for 294 gold
                  | pieces
 28789 | Snake:4  | 28789 ||| INVOKING Heroism.
 28866 | Snake:4  | Identified the +7 plate armour of Lig Tiej {-Tele rCorr
                  | Str+3 Int+3}
 28949 | Snake:4  | 28949 ||| DROPPING +1 leather armour of fire resistance.
 29024 | Snake:4  | Reached skill level 15 in Fighting
 29130 | Snake:4  | 29130 ||| INVOKING Heroism.
 29165 | Snake:4  | Reached XP level 18. HP: 87/178 MP: 25/25
 29229 | Snake:4  | 29229 ||| INVOKING Heroism.
 29281 | Snake:4  | 29281 ||| FLEEEEING.
 29345 | Snake:4  | 29345 ||| INVOKING Heroism.
 29417 | Snake:4  | 29417 ||| INVOKING Heroism.
 29551 | Snake:4  | 29551 ||| INVOKING Heroism.
 29574 | Snake:4  | 29574 ||| Stepping ~*~*~tactically~*~*~ (outnumbered).
 29592 | Snake:4  | 29592 ||| Stepping ~*~*~tactically~*~*~ (outnumbered).
 29601 | Snake:4  | 29601 ||| INVOKING Heroism.
 29633 | Snake:4  | HP: 44/178 [poisoned by a naga ritualist (splash of
                  | poison)]
 29638 | Snake:4  | HP: 40/178 [poisoned by a naga ritualist (splash of
                  | poison)]
 29975 | Snake:4  | 29975 ||| INVOKING Heroism.
 29979 | Snake:4  | Received a gift from Okawaru
 30243 | Snake:4  | Got a serpentine rune of Zot
 30510 | Snake:4  | 30510 ||| PLANNING VAULTS:1-4
 30808 | Vaults:1 | Entered Level 1 of the Vaults
 30812 | Vaults:1 | 30812 ||| STAIRDANCE
 30872 | Vaults:1 | 30872 ||| STAIRDANCE
 30979 | Vaults:1 | 30979 ||| STAIRDANCE
 31175 | Vaults:1 | 31175 ||| INVOKING Heroism.
 31422 | Vaults:1 | 31422 ||| DRINKING potion of resistance.
 31710 | Vaults:1 | Received a gift from Okawaru
 31713 | Vaults:1 | 31713 ||| Stepping ~*~*~tactically~*~*~ (outnumbered).
 31714 | Vaults:1 | 31714 ||| Stepping ~*~*~tactically~*~*~ (outnumbered).
 31718 | Vaults:1 | Found Biyfekh's Jewellery Emporium.
 31727 | Vaults:1 | 31727 ||| INVOKING Heroism.
 31728 | Vaults:1 | 31728 ||| INVOKING Finesse.
 31795 | Vaults:1 | 31795 ||| INVOKING Finesse.
 31855 | Vaults:1 | Reached skill level 9 in Armour
 31929 | Vaults:1 | 31929 ||| DRINKING 15 potions of curing.
 31929 | Vaults:1 | 31929 ||| (to cure confusion)
 31985 | Vaults:1 | Identified the +4 shortbow of Thoughtfulness {drain, Str+3
                  | Dex+2}
 32278 | Vaults:1 | 32278 ||| INVOKING Heroism.
 32657 | Vaults:2 | 32657 ||| Stepping ~*~*~tactically~*~*~ (outnumbered).
 32664 | Vaults:2 | Received a gift from Okawaru
 32795 | Vaults:2 | Identified the +6 triple crossbow "Cuklaej" {heavy, rPois
                  | rF+ rC- Int+6} (Okawaru gifted it to you on level 2 of the
                  | Vaults)
 32795 | Vaults:2 | Received a gift from Okawaru
 32809 | Vaults:2 | 32809 ||| SWAPPING to +6 triple crossbow "Cuklaej" {heavy,
                  | rPois rF+ rC- Int+6}.
 32810 | Vaults:2 | 32810 ||| DROPPING +8 longbow of chaos.
 32875 | Vaults:2 | Noticed Jory
 32876 | Vaults:2 | 32876 ||| INVOKING Heroism.
 32877 | Vaults:2 | 32877 ||| INVOKING Finesse.
 32884 | Vaults:2 | Killed Jory
 32934 | Vaults:2 | Reached XP level 19. HP: 101/188 MP: 26/26
 32934 | Vaults:2 | 32934 ||| INVOKING Heroism.
 33160 | Vaults:2 | Noticed Donald
 33161 | Vaults:2 | 33161 ||| INVOKING Heroism.
 33162 | Vaults:2 | 33162 ||| INVOKING Finesse.
 33164 | Vaults:2 | Killed Donald
 33241 | Vaults:2 | 33241 ||| INVOKING Heroism.
 33242 | Vaults:2 | 33242 ||| INVOKING Finesse.
 33635 | Vaults:2 | 33635 ||| Stepping ~*~*~tactically~*~*~ (outnumbered).
 33637 | Vaults:2 | 33637 ||| Stepping ~*~*~tactically~*~*~ (outnumbered).
 33640 | Vaults:2 | Identified the +1 quarterstaff of Duysk {heavy, rC+ rN+
                  | Int+6} (Okawaru gifted it to you on level 2 of the Vaults)
 33640 | Vaults:2 | Received a gift from Okawaru
 33645 | Vaults:2 | 33645 ||| INVOKING Heroism.
 34001 | Vaults:2 | Found the +8 storm bow {elec, penet}
 34197 | Vaults:2 | Identified the +10 short sword of Veseeng {holy, MP+9}
 34453 | Vaults:3 | 34453 ||| PLANNING WIZLAB
 34504 | Vaults:3 | Reached skill level 21 in Ranged Weapons
 34578 | Vaults:3 | 34578 ||| INVOKING Heroism.
 34662 | Vaults:3 | 34662 ||| INVOKING Heroism.
 34715 | Vaults:3 | 34715 ||| Stepping ~*~*~tactically~*~*~ (outnumbered).
 34723 | Vaults:3 | 34723 ||| INVOKING Heroism.
 35031 | Vaults:3 | 35031 ||| RIP WIZLAB
 35126 | Vaults:3 | 35126 ||| PLANNING VAULTS:1-4
 35204 | Vaults:3 | 35204 ||| INVOKING Heroism.
 35211 | Vaults:3 | 35211 ||| INVOKING Finesse.
 35217 | Vaults:3 | 35217 ||| INVOKING Heroism.
 35250 | Vaults:3 | 35250 ||| READING scroll of enchant armour.
 35250 | Vaults:3 | 35250 ||| ENCHANTING +3 barding of fire resistance.
 35460 | Vaults:3 | 35460 ||| READING scroll of enchant armour.
 35460 | Vaults:3 | 35460 ||| ENCHANTING +1 cloak.
 35551 | Vaults:3 | Found a staircase to the Crypt.
 35634 | Vaults:3 | 35634 ||| INVOKING Heroism.
 35643 | Vaults:3 | 35643 ||| INVOKING Finesse.
 35655 | Vaults:3 | Reached skill level 22 in Ranged Weapons
 36010 | Vaults:3 | 36010 ||| INVOKING Heroism.
 36011 | Vaults:3 | 36011 ||| INVOKING Finesse.
 36053 | Vaults:3 | 36053 ||| INVOKING Heroism.
 36241 | Vaults:3 | 36241 ||| DROPPING scarf "Ychules" {harm, rC+ Int+3}.
 36242 | Vaults:3 | 36242 ||| DROPPING +0 barding "Safeur" {*Corrode Dex+5}.
 36348 | Vaults:4 | 36348 ||| INVOKING Heroism.
 36509 | Vaults:4 | Noticed Xtahua
 36510 | Vaults:4 | 36510 ||| INVOKING Heroism.
 36511 | Vaults:4 | 36511 ||| Stepping ~*~*~tactically~*~*~ (outnumbered).
 36513 | Vaults:4 | 36513 ||| Stepping ~*~*~tactically~*~*~ (outnumbered).
 36515 | Vaults:4 | Reached XP level 20. HP: 174/199 MP: 25/27
 36521 | Vaults:4 | Killed Xtahua
 36546 | Vaults:4 | 36546 ||| INVOKING Heroism.
 36943 | Vaults:4 | Identified the +3 scale mail of Mysticism {+Inv rC+ Will+}
                  | (Okawaru gifted it to you on level 4 of the Vaults)
 36943 | Vaults:4 | Received a gift from Okawaru
 37055 | Vaults:4 | 37055 ||| INVOKING Heroism.
 37412 | Vaults:4 | Found Joichar's Weapon Shoppe.
 37647 | Vaults:4 | Reached skill level 18 in Fighting
 37653 | Vaults:4 | 37653 ||| INVOKING Heroism.
 37654 | Vaults:4 | 37654 ||| INVOKING Finesse.
 37740 | Vaults:4 | 37740 ||| INVOKING Finesse.
 37741 | Vaults:4 | 37741 ||| Stepping ~*~*~tactically~*~*~ (outnumbered).
 37746 | Vaults:4 | 37746 ||| Stepping ~*~*~tactically~*~*~ (outnumbered).
 37747 | Vaults:4 | 37747 ||| Stepping ~*~*~tactically~*~*~ (outnumbered).
 38069 | Vaults:4 | 38069 ||| PLANNING SWAMP:4
 38434 | Swamp:4  | Entered Level 4 of the Swamp
 38436 | Swamp:4  | 38436 ||| INVOKING Heroism.
 38446 | Swamp:4  | 38446 ||| STAIRDANCE
 38449 | Swamp:3  | 38449 ||| INVOKING Heroism.
 38722 | Swamp:4  | 38722 ||| Stepping ~*~*~tactically~*~*~ (outnumbered).
 38734 | Swamp:4  | Reached skill level 15 in Dodging
 38738 | Swamp:4  | 38738 ||| INVOKING Heroism.
 38752 | Swamp:4  | Noticed the 27-headed Lernaean hydra
 38755 | Swamp:4  | HP: 41/204 [the 27-headed Lernaean hydra (11)]
 38755 | Swamp:4  | HP: 14/204 [eight-headed hydra (8)]
 38756 | Swamp:4  | 38756 ||| READING 21 scrolls of teleportation.
 38756 | Swamp:4  | HP: 3/204 [the 27-headed Lernaean hydra (5)]
 38756 | Swamp:4  | Slain by the 27-headed Lernaean hydra

Levels and vault maps discovered:
D:1:      minmay_arrival_pointy, layout_rooms, shapermc_ecumenical_altar_pompeii
D:2:      layout_loops_corners, serial_co_window_serial,
          co_window_of_opportunity_a, co_window_paths_b, co_window_cross_1,
          co_window_corner_a, co_window_paths_a, co_window_corner_b,
          co_window_of_opportunity_b, co_window_corner_cb, co_window_cross_3,
          co_window_corner_b, co_window_corner_ca, co_window_2corner,
          grunt_decor_one_mirror
D:3:      layout_rooms, uniq_crazy_yiuf_cottage, uniq_robin
D:4:      minmay_chambers_of_fours, layout_basic, minmay_fractal_squares_5
D:5:      layout_cave_pods, dilly_guarded_unrand_devastator
D:6:      layout_basic, minmay_temple_entry_mini_moons,
          minmay_misc_feat_columns, minmay_misc_feat_alley,
          kennysheep_generic_room_15
D:7:      layout_gridville
D:8:      cheibrodos_steamvent, layout_loops_cross, gammafunk_ghost_ooze,
          minmay_joined_circles, uniq_gastronok
D:9:      layout_basic, serial_shops, nicolae_square_shop, solitary_fountain,
          dreamdust_princess_bridge, uniq_psyche
D:10:     layout_irregular_city, grunt_temple_overflow_open, hiddenorc2_lemuel,
          hellmonk_ghost_happy_afterlife
D:11:     layout_loops_cross, dpeg_oklobed_lair, ebering_ghost_disaster_area
D:12:     layout_basic
D:13:     layout_stronghold
D:14:     layout_long_grid, david_vaults_4, nicolae_elyvilon_temple_path
D:15:     gammafunk_enter_depths_forms, layout_long_grid, serial_shops,
          nicolae_shop_peninsula, nicolae_shop_tiny_real_fake_doors,
          nicolae_shop_tiny_real_fake_doors, fiery_altar_vehumet, uniq_josephine
Temple:   compressed_dpeg_triangle_lava_temple
Lair:1:   layout_hall_layers
Lair:2:   layout_loops_ring, nicolae_swamp_entry_spooky,
          nicolae_volcano_entry_two_sided, chequers_serial_rivers_micro_a,
          grunt_megastairs_2, lemuel_fruit_fields
Lair:3:   layout_layer_cave, nicolae_snake_entry_squirm,
          small_statue_intersection, guppyfry_lair_drakes, grunt_megastairs_4,
          lemuel_fruit_fields
Lair:4:   layout_layer_cave, nicolae_slime_entry_field_trip,
          nicolae_lair_run_with_the_wolves, serial_bayou_shore_a
Lair:5:   grunt_lair_end_beastmaster, layout_regular_city
Swamp:1:  layout_falls_marsh, evilmike_swamp_ruin_house_2
Swamp:2:  layout_basic_swamp, evilmike_swamp_ruin_house_6, swamp_pool1
Swamp:3:  layout_basic_swamp, nicolae_swamp_tree_designs
Swamp:4:  swamp_old_school, layout_basic_swamp, swamp_pool5,
          nicolae_swamp_baby_hydras, infiniplex_staircase_pool_2
Snake:1:  minmay_snake_river, layout_misc_corridors, grunt_ministairs_5
Snake:2:  layout_honeycomb, grunt_megastairs_3, lemuel_fruit_tree,
          serial_bayou_shore_b
Snake:3:  layout_honeycomb, st_stairs_4, nicolae_snake_gridmaze_swirls,
          nicolae_fountain_basement, uniq_saint_roka
Snake:4:  snake_pit_salamanders_mu, layout_basic, serial_shops, shop
Orc:1:    layout_caves, ebering_ghost_xom, portal_ice_cave_rime, serial_shops,
          shop
Orc:2:    pf_orc_diabolical, layout_caves, serial_shops, shop_statue
Vaults:1: vaults_dpeg_emergency_exit, nicolae_vaults_what_the_h,
          nicolae_vaults_octothorpe, vaults_room_pool,
          nicolae_vaults_more_shelving_2, ontoclasm_vaults_pinch,
          nicolae_vaults_specimen_jars, nicolae_vaults_diagonal_hallway_7,
          nicolae_vaults_diamond_2, layout_vaults_omnigrid, serial_shops,
          nicolae_shop_back_alley_shop
Vaults:2: nicolae_vaults_puzzle_piece, nicolae_vaults_weapon_check, v_misc_25,
          ontoclasm_vaults_loading_screen, nicolae_vaults_shelves_hall,
          nicolae_vaults_network_periphery,
          nicolae_vaults_offset_grid_hallway_1, v_misc_12,
          nicolae_vaults_yaktaur_gun_rack, nicolae_vaults_three_branches,
          layout_vaults_chaotic_city, uniq_jory, uniq_donald
Vaults:3: mu_enter_wizlab_5, nicolae_vaults_tangram_1, st_octagons_2,
          nicolae_vaults_wine_cellar, minmay_crypt_entry_vampire_xt,
          nicolae_vaults_tetromino_T_2, nicolae_vaults_closet_pinwheel_3,
          nicolae_vaults_house_1, hangedman_vaults_slice, vaults_room_hallway,
          nicolae_vaults_tetromino_Z_1, layout_vaults_omnibox
Vaults:4: nicolae_vaults_quadrants, nicolae_vaults_sesquioval_fish,
          nicolae_vaults_puzzle_piece, nicolae_vaults_tetromino_T_2,
          vaults_mumra_chevron, v_misc_8, vaults_dpeg_spiral,
          nicolae_vaults_surprise_closet, nicolae_vaults_little_squares_6,
          ontoclasm_vaults_twist, v_misc_28, vaults_room_door_hall,
          nicolae_vaults_shelves_hall, nicolae_vaults_variable_pillar_hall,
          nicolae_vaults_circle_grid_a, layout_vaults_ring, serial_shops, shop,
          uniq_xtahua

Skill      XL: |  1  2  3  4  5  6  7  8  9 10 11 12 13 14 15 16 17 18 19 20 |
---------------+-------------------------------------------------------------+-----
Ranged Weapons | 4 5 6 7 9 10 11 13 14 15 16 17 20 22 | 22.0
Fighting       | 3 4 5 6 8 9 10 12 13 15 16 18 | 18.0
Dodging        | 2 3 4 5 6 7 8 9 10 12 13 14 15 | 15.0
Armour         | 1 2 5 6 7 8 9 |  9.3
Invocations    | 4 6 10 | 10.0
Stealth        | |  1.5

Action                     |  1- 3 |  4- 6 |  7- 9 | 10-12 | 13-15 | 16-18 | 19-21 || total
---------------------------+-------+-------+-------+-------+-------+-------+-------++-------
   Fire: Shortbow          |    32 |       |       |       |       |       |       ||    32
         Orcbow            |    23 |    71 |   183 |   583 |   769 |       |       ||  1629
         Longbow           |       |       |       |       |   384 |  1248 |       ||  1632
         Triple crossbow   |       |       |       |       |       |    11 |   413 ||   424
 Invoke: Heroism           |       |       |     4 |    25 |    29 |    35 |    20 ||   113
         Finesse           |       |       |       |       |     6 |     4 |     7 ||    17
Ability: Spit Poison       |    19 |    27 |    38 |    62 |       |       |       ||   146
    Use: Scroll            |     7 |     4 |     7 |     8 |    12 |     6 |     3 ||    47
         Potion            |       |     5 |       |       |     1 |     3 |       ||     9
 Armour: Leather armour    |     4 |     9 |    23 |    63 |    38 |   248 |   171 ||   556
         Troll leather arm |       |       |       |       |    60 |     1 |       ||    61
  Dodge: Dodged            |     8 |    21 |    63 |   270 |   468 |   643 |   511 ||  1984

Table legend:
 A = Non-vault XP
 B = Vault XP
 C = Vault XP percentage of total XP
 D = Non-vault monster count
 E = Vault monster count
 F = Vault count percentage of total count
                 A         B        C        D         E       F
            +---------+---------+-------+---------+---------+-------
      Total |  286175 |  178418 |  38.4 |     860 |     395 |  31.5
            +---------+---------+-------+---------+---------+-------
        D:1 |      22 |       0 |   0.0 |      16 |       0 |   0.0
        D:2 |     100 |       0 |   0.0 |      17 |       0 |   0.0
        D:3 |     183 |      35 |  16.1 |      17 |      11 |  39.3
        D:4 |     256 |     187 |  42.2 |      15 |      10 |  40.0
        D:5 |     557 |     234 |  29.6 |      15 |       2 |  11.8
        D:6 |     994 |     157 |  13.6 |      22 |       2 |   8.3
        D:7 |    1588 |       0 |   0.0 |      29 |       0 |   0.0
        D:8 |    1716 |    3221 |  65.2 |      41 |      18 |  30.5
        D:9 |    2094 |     409 |  16.3 |      23 |       1 |   4.2
       D:10 |    3024 |     505 |  14.3 |      24 |      32 |  57.1
       D:11 |    4023 |     587 |  12.7 |      19 |       1 |   5.0
       D:12 |    4414 |       0 |   0.0 |      22 |       0 |   0.0
       D:13 |    7931 |       0 |   0.0 |      20 |       0 |   0.0
       D:14 |   12712 |    2679 |  17.4 |      24 |       4 |  14.3
       D:15 |   12637 |    6883 |  35.3 |      31 |      13 |  29.5
     Lair:1 |    2046 |       0 |   0.0 |      12 |       0 |   0.0
     Lair:2 |   10872 |    2673 |  19.7 |      36 |       7 |  16.3
     Lair:3 |     947 |    2561 |  73.0 |       9 |      13 |  59.1
     Lair:4 |    7500 |    1835 |  19.7 |      33 |      10 |  23.3
     Lair:5 |   11301 |    7530 |  40.0 |      32 |      16 |  33.3
    Swamp:1 |    9323 |       0 |   0.0 |      21 |       0 |   0.0
    Swamp:2 |   10080 |       0 |   0.0 |      22 |       0 |   0.0
    Swamp:3 |    6805 |       0 |   0.0 |      16 |       0 |   0.0
    Swamp:4 |    8121 |   13309 |  62.1 |      13 |      21 |  61.8
    Snake:1 |   14071 |    9962 |  41.5 |      25 |      13 |  34.2
    Snake:2 |   11712 |    3576 |  23.4 |      27 |       7 |  20.6
    Snake:3 |   20549 |    5601 |  21.4 |      34 |      19 |  35.8
    Snake:4 |   11739 |   29658 |  71.6 |      22 |      48 |  68.6
      Orc:1 |    4380 |     739 |  14.4 |      39 |       2 |   4.9
      Orc:2 |    2771 |   15016 |  84.4 |      29 |      59 |  67.0
   Vaults:1 |   23453 |   12848 |  35.4 |      41 |      16 |  28.1
   Vaults:2 |   16912 |   21091 |  55.5 |      24 |      26 |  52.0
   Vaults:3 |   30983 |   16692 |  35.0 |      42 |      23 |  35.4
   Vaults:4 |   30359 |   20430 |  40.2 |      48 |      21 |  30.4
            +---------+---------+-------+---------+---------+-------
